 Dungeon Crawl Stone Soup version 0.31-a0-18-gea43df2a32 (webtiles) character file.

Game seed: 6071111367933543107

273 pk666 the Magician (level 6, 0/32 HPs)
             Began as a Deep Elf Hedge Wizard on May 12, 2023.
             Slain by an ogre
             ... wielding a +0 giant club
              (17 damage)
             ... on level 4 of the Dungeon.
             The game lasted 00:09:13 (4606 turns).

pk666 the Magician (Deep Elf Hedge Wizard)          Turns: 4606, Time: 00:09:14

Health: 0/32       AC:  5    Str:  7    XL:     6   Next: 2%
Magic:  4/16       EV: 12    Int: 21    God:
Gold:   206        SH:  0    Dex: 14    Spells: 10/16 levels left

rFire   . . .        a - +0 dagger
rCold   . . .        (no shield)
rNeg    . . .        b - +0 robe
rPois   .            c - +0 hat
rElec   .            (no cloak)
rCorr   +            g - +2 pair of gloves
SInv    .            (no boots)
Will    .....        (no amulet)
Stlth   ++           t - ring of resist corrosion
HPRegen 0.25/turn    (no ring)
MPRegen 0.15/turn

%: no passive effects
@: no status effects
A: no striking features
a: no special abilities


You were on level 4 of the Dungeon.
You visited 1 branch of the dungeon, and saw 4 of its levels.

You collected 206 gold pieces.

Inventory:

Hand Weapons
 a - a +0 dagger (weapon)
Armour
 b - a +0 robe (worn)
 c - a +0 hat (worn)
 g - a +2 pair of gloves (worn)
Jewellery
 t - a ring of resist corrosion (left hand)
Wands
 u - a wand of polymorph (12)
Scrolls
 e - 2 scrolls of immolation {unknown}
 h - a scroll of identify {unknown}
 i - a scroll of fear {unknown}
 l - 3 scrolls of poison {unknown}
 m - a scroll of fog {unknown}
 p - a scroll of amnesia {unknown}
 v - a scroll of summoning {unknown}
Potions
 d - a potion of magic
 f - 3 potions of ambrosia {unknown}
 j - a potion of resistance {unknown}
 k - 2 potions of heal wounds {unknown}
 n - a potion of curing {unknown}
 o - a potion of attraction {unknown}
 q - a potion of might {unknown}
 r - a potion of degeneration {unknown}
 s - a potion of berserk rage {unknown}


   Skills:
 - Level 2.4 Dodging
 - Level 2.4 Stealth
 + Level 5.6 Spellcasting
 + Level 2.9 Conjurations
 - Level 1.1 Summonings
 + Level 2.9 Translocations
 * Level 2.5 Air Magic
 * Level 2.7 Poison Magic


You had 10 spell levels left.
You knew the following spells:

 Your Spells              Type           Power      Damage    Failure   Level
a - Magic Dart            Conj           72%        1d6       3%          1
b - Blink                 Tloc           36%        N/A       4%          2
c - Mephitic Cloud        Conj/Pois/Air  17%        N/A       10%         3

Your spell library contained the following spells:

 Spells                   Type           Power      Damage    Failure   Level
 Searing Ray              Conj           36%        2d5       4%          2
 Cigotuvi's Dreadful Rot  Necr/Pois/Air  26%        N/A       8%          2
 Call Imp                 Summ           20%        N/A       10%         2
 Slow                     Hex            20%        N/A       11%         1
 Ensorcelled Hibernation  Hex/Ice        10%        N/A       16%         2
 Dazzling Flash           Conj/Hex       24%        N/A       17%         3
 Spider Form              Tmut/Pois      11%        N/A       17%         3
 Volatile Blastmotes      Fire/Tloc      24%        2d12      17%         3
 Iskenderun's Mystic Bla  Conj/Tloc      18%        2d6       30%         4
 Fulminant Prism          Conj/Hex       6%         3d6       50%         4
 Anguish                  Hex/Necr       2%         N/A       71%         4
 Starburst                Conj/Fire      6%         6d4       100%        6


Dungeon Overview and Level Annotations

Branches:
Dungeon (4/15)
 Temple: D:4-7

Altars:
Gozag
Qazlal
Xom
Zin


Message History

Casting: Magic Dart (safe; 3% risk of failure)
Confirm with . or Enter, or press ? or * to list all spells.
Aiming: Magic Dart (safe; 3% risk of failure)
Press: ? - help, Shift-Dir - straight line, f/p - ogre
Aim: an ogre, wielding a +0 giant club (heavily wounded, 100% to hit)
The magic dart hits the ogre.
The ogre is heavily wounded.
Casting: Magic Dart (safe; 3% risk of failure)
Confirm with . or Enter, or press ? or * to list all spells.
Aiming: Magic Dart (safe; 3% risk of failure)
Press: ? - help, Shift-Dir - straight line, f/p - ogre
Aim: an ogre, wielding a +0 giant club (heavily wounded, 100% to hit)
The magic dart hits the ogre.
The ogre is severely wounded.
Casting: Magic Dart (safe; 3% risk of failure)
Confirm with . or Enter, or press ? or * to list all spells.
You don't know that spell.
Casting: Magic Dart (safe; 3% risk of failure)
Confirm with . or Enter, or press ? or * to list all spells.
The spell is quite dangerous to miscast (10% risk of failure)!
Continue anyway?
Aiming: Mephitic Cloud (quite dangerous; 10% risk of failure)
Press: ? - help, Shift-Dir - straight line, f/p - ogre
Aim: an ogre, wielding a +0 giant club (severely wounded, chance to affect: 77%)
The ball explodes into a vile cloud!
The stinking cloud engulfs the ogre but does no damage.
The ogre is severely wounded.
The stinking cloud engulfs the hobgoblin but does no damage.
The ogre is engulfed in noxious fumes.
The hobgoblin is engulfed in noxious fumes.
The hobgoblin appears confused.
Casting: Mephitic Cloud (quite dangerous; 10% risk of failure)
Confirm with . or Enter, or press ? or * to list all spells.
Aiming: Magic Dart (safe; 3% risk of failure)
Press: ? - help, Shift-Dir - straight line, f/p - ogre
Aim: an ogre, wielding a +0 giant club (noxious fumes, severely wounded, 100% to hit)
The magic dart hits the ogre.
The ogre is almost dead.
The ogre is engulfed in noxious fumes.
The ogre hits you with a +0 giant club!
Ouch! That really hurt!
You die...

############.##.#.#.#.## ###
#.........##........)..#
..#########......#.<......##
..#.......#......#........#
..#._..._.#...#..#........#
..#.......#...#..#........#
..##.....##...#...........#######
...###'######.##.#...............
.).##..######.##@..........#.#...
.............°°O..........#...#..
.############.####.......#.....#.
#######.....#.# #.........._....
........###.#.# #####.#.#.....#.
........#.....# #....#...#..
...........#### ###...#.#...
...........###### #.........
.................# ######.###


You could see an ogre.

Vanquished Creatures
  A sky beast (D:4)
  A hound (D:4)
  A gnoll (D:3)
  5 adders
  4 worms
  6 dart slugs
  7 ball pythons
  6 bats
  12 endoplasms
  2 giant cockroaches (D:1)
  4 goblins
  6 hobgoblins
  4 jackals (D:4)
  5 quokkas
  A frilled lizard (D:1)
  6 kobolds
  5 rats
76 creatures vanquished.

Notes
Turn   | Place    | Note
-------+----------+-------------------------------------------
     0 | D:1      | pk666 the Deep Elf Hedge Wizard began the quest for the
                  | Orb.
     0 | D:1      | Reached XP level 1. HP: 10/10 MP: 7/7
   244 | D:1      | Reached XP level 2. HP: 15/15 MP: 3/9
   311 | D:1      | Learned a level 2 spell: Blink
  1134 | D:2      | Reached skill level 5 in Spellcasting
  1134 | D:2      | Reached XP level 3. HP: 12/19 MP: 1/11
  1265 | D:2      | Learned a level 3 spell: Mephitic Cloud
  1989 | D:2      | Reached skill level 1 in Air Magic
  1989 | D:2      | Reached XP level 4. HP: 24/24 MP: 8/13
  2189 | D:2      | Reached skill level 1 in Poison Magic
  3408 | D:3      | Found a shimmering altar of Xom.
  3743 | D:4      | Noticed an ogre
  4042 | D:4      | Found a stormy altar of Qazlal.
  4042 | D:4      | Noticed a sky beast
  4063 | D:4      | Killed a sky beast
  4064 | D:4      | Reached XP level 5. HP: 28/28 MP: 2/15
  4173 | D:4      | Noticed a centaur
  4385 | D:4      | Reached XP level 6. HP: 32/32 MP: 10/16
  4524 | D:4      | Found a glowing silver altar of Zin.
  4524 | D:4      | Found an opulent altar of Gozag.
  4606 | D:4      | Slain by an ogre

Illustrated notes

Levels and vault maps discovered:
D:1:      wheals_arrival_linesprint, layout_basic, hex_large, patterned_corridor
D:2:      layout_loops_ring
D:3:      layout_basic, marbit_many_paths
D:4:      layout_basic, grunt_temple_overflow_gold_and_silver,
          nicolae_qazlal_beasts_of_the_sky, minmay_temple_entry_glass,
          nicolae_ossuary_entry_plus

Skill      XL: |  1  2  3  4 |
---------------+-------------+-----
Spellcasting   | 5 |  5.6
Conjurations   | 2 |  2.9
Translocations | 2 |  2.9
Air Magic      | 1 2 |  2.5
Poison Magic   | 2 |  2.7
Dodging        | |  2.4
Stealth        | |  2.4
Summonings     | |  1.1

Action                     |  1- 3 |  4- 6 || total
---------------------------+-------+-------++-------
  Melee: Dagger            |     1 |       ||     1
   Cast: Magic Dart        |   115 |   149 ||   264
         Blink             |       |     1 ||     1
         Mephitic Cloud    |       |     2 ||     2
 Armour: Robe              |     3 |    11 ||    14
  Dodge: Dodged            |    17 |    19 ||    36

Table legend: (Time is in decaauts)
 A = Elapsed time spent in this place.
 B = Non-inter-level travel time spent in this place.
 C = Inter-level travel time spent in this place.
 D = Time resting spent in this place.
 E = Time spent auto-exploring this place.
 F = Levels seen in this place.
 G = Mean time per level.
                   A        B        C        D        E       F      G
               +--------+--------+--------+--------+--------+-----+--------+
         Total |   4606 |   4471 |    135 |    328 |   3487 |   4 | 1151.5 |
       Dungeon |   4606 |   4471 |    135 |    328 |   3487 |   4 | 1151.5 |
               +--------+--------+--------+--------+--------+-----+--------+

Top non-repeatable levels by time:
     D:2: 1434 daAuts
     D:3: 1231 daAuts
     D:1: 1089 daAuts
     D:4: 851 daAuts
